 Dungeon Crawl Stone Soup version 0.14-a0-181-gf6fe0c6 (webtiles) character file.

142 PolkaDot the Fey Demonspawn (level 3, -10/28 HPs)
             Began as a Demonspawn Death Knight on Oct 6, 2013.
             Was a Believer of Yredelemnul.
             Mangled by Crazy Yiuf
             ... wielding a +3,+3 quarterstaff of chaos
              (12 damage)
             ... on Level 2 of the Dungeon.
             The game lasted 00:03:29 (858 turns).

PolkaDot the Fey Demonspawn (DsDK)                   Turns: 858, Time: 00:03:31

HP -10/28        AC  1     Str 13      XL: 3   Next: 48%
MP   5/5         EV 10     Int 12      God: Yredelemnul [**....]
Gold 95          SH  0     Dex 13      Spells:  0 memorised,  2 levels left

Res.Fire  : . . .   See Invis. : .   a - +1 mace
Res.Cold  : . . .   Warding    : .   b - +0 leather armour
Life Prot.: . . .   Conserve   : .   (no shield)
Res.Poison: .       Res.Corr.  : .   (helmet restricted)
Res.Elec. : .       Clarity    : .   (no cloak)
Sust.Abil.: . .     Spirit.Shd : .   (no gloves)
Res.Mut.  : .       Stasis     : .   (no boots)
Res.Rott. : .       Flight     : .   (no amulet)
Saprovore : + . .                    (no ring)
                                     m - +6,+5 ring of slaying {unknown}

@: mildly poisoned, drained, not resistant to hostile enchantments, very
unstealthy
A: horns 1, deformed body, herbivore 1, fast metabolism 1, saprovore 1
a: Animate Remains, Recall Undead Slaves, Injury Mirror, Renounce Religion


You were on level 2 of the Dungeon.
You worshipped Yredelemnul.
Yredelemnul was pleased with you.
You were not hungry.

You visited 1 branch of the dungeon, and saw 2 of its levels.

You collected 75 gold pieces.

Inventory:

Hand weapons
 a - a +1,+1 mace (weapon)
Armour
 b - a +0 leather armour (worn)
Comestibles
 c - 2 bread rations
 f - a chunk of ball python flesh
 g - 4 meat rations
Scrolls
 d - a scroll of magic mapping {unknown}
 e - a scroll of random uselessness {unknown}
 j - 2 scrolls of remove curse {unknown}
 k - a scroll of enchant armour {unknown}
 n - a scroll of curse jewellery {unknown}
 p - a scroll of teleportation {unknown}
Jewellery
 m - a +6,+5 ring of slaying (left hand) {unknown}


   Skills:
 * Level 3.2(2.9) Fighting
 + Level 2.5(2.2) Maces & Flails
 - Level 0.8(0.5) Armour
 - Level 0.8(0.5) Dodging
 + Level 3.8(3.5) Invocations


You had 2 spell levels left.
You didn't know any spells.

Dungeon Overview and Level Annotations

Branches:
Dungeon (2/27)

Altars:

Annotations:
D:2 Crazy Yiuf


Innate Abilities, Weirdness & Mutations

You have a pair of small horns on your head.
You can tolerate rotten meat.
Armour fits poorly on your strangely shaped body.
You digest meat inefficiently.
You have a fast metabolism.


Message History

You sock Crazy Yiuf! You headbutt Crazy Yiuf.
Crazy Yiuf is almost dead.
Crazy Yiuf hits you with a quarterstaff of chaos!
Crazy Yiuf burns you.
You hit Crazy Yiuf but do no damage.
Crazy Yiuf is almost dead.
Crazy Yiuf hits you with a quarterstaff of chaos.
You feel drained.
You barely miss Crazy Yiuf.
Crazy Yiuf is almost dead.
Crazy Yiuf hits you with a quarterstaff of chaos.
* * * LOW HITPOINT WARNING * * *
You are poisoned.
You hit Crazy Yiuf.
Crazy Yiuf is almost dead.
* * * LOW HITPOINT WARNING * * *
You feel sick.
Crazy Yiuf hits you with a quarterstaff of chaos!
You die...
Your body rises from the dead as a mindless zombie.

### ######
#)..### ##....##
#...'g####......#
#...##@.#z......#
### ###.#......#
#######.## #.#
###.# ##...#
#...#########
#...#..........
#.#...##.####.#


You could see Crazy Yiuf.

Vanquished Creatures
  2 adders (D:2)
  A giant cockroach (D:2)
  A hobgoblin (D:1)
  3 jackals (D:1)
  5 kobolds (D:1)
  3 ball pythons
  3 bats
  2 giant newts (D:1)
  4 goblins
  3 rats (D:1)
27 creatures vanquished.

Vanquished Creatures (collateral kills)
  A kobold (D:1)
  A bat (D:1)
  A giant newt (D:1)
3 creatures vanquished.

Vanquished Creatures (others)
  A giant cockroach zombie (D:2)
1 creature vanquished.

Grand Total: 31 creatures vanquished

Notes
Turn   | Place    | Note
--------------------------------------------------------------
     0 | D:1      | PolkaDot, the Demonspawn Death Knight, began the quest for the Orb.
     0 | D:1      | Reached XP level 1. HP: 16/16 MP: 2/2
   174 | D:1      | Gained mutation: You can tolerate rotten meat. [demonic ancestry]
   174 | D:1      | Reached XP level 2. HP: 8/22 MP: 4/4
   713 | D:2      | Acquired Yredelemnul's second power
   747 | D:2      | Gained mutation: You have a pair of small horns on your head. [demonic ancestry]
   747 | D:2      | Reached XP level 3. HP: 21/28 MP: 5/5
   847 | D:2      | Noticed Crazy Yiuf
   848 | D:2      | Gained mutation: You are robust (+10% HP). [potion of mutation]
   848 | D:2      | Gained mutation: Armour fits poorly on your strangely shaped body. [potion of mutation]
   848 | D:2      | Gained mutation: You digest meat inefficiently. [potion of mutation]
   852 | D:2      | Gained mutation: You have a fast metabolism. [potion of mutation]
   852 | D:2      | Lost mutation: You are robust (+10% HP). [potion of mutation]
   858 | D:2      | Mangled by Crazy Yiuf

Action                   || total
-------------------------++-------
Melee: Mace              ||    80
Invok: Animate Remains   ||     5
  Use: Potion            ||     4
